 Dungeon Crawl Stone Soup version 0.21.1-1-g345015fe64 (webtiles) character file.

3914 Rasser the Thaumaturge (level 10, -1/50 HPs)
             Began as a Deep Elf Wizard on Mar 6, 2018.
             Was a Follower of Vehumet.
             Slain by a wolf (4 damage)
             ... on level 8 of the Dungeon on Mar 7, 2018.
             The game lasted 01:03:49 (9660 turns).

Rasser the Thaumaturge (Deep Elf Wizard)            Turns: 9660, Time: 01:03:50

Health: -1/50      AC:  5    Str:  4    XL:     10   Next: 1%
Magic:  3/26       EV: 13    Int: 27    God:    Vehumet [*.....]
Gold:   387        SH:  0    Dex: 13    Spells: 1/29 levels left

rFire    . . .     SeeInvis .   y - +0 blowgun
rCold    . . .     Gourm    .   (no shield)
rNeg     . . .     Faith    .   a - +0 robe
rPois    .         Spirit   .   b - +0 hat
rElec    .         Reflect  .   (no cloak)
rCorr    .         Harm     .   C - +2 pair of gloves
MR       +....                  (no boots)
Stlth    ++........             (no amulet)
HPRegen  0.16/turn              (no ring)
MPRegen  0.20/turn              (no ring)

@: no status effects
A: no striking features
a: Renounce Religion


You were on level 8 of the Dungeon.
You worshipped Vehumet.
Vehumet was aware of your devotion.
You were not hungry.

You visited 2 branches of the dungeon, and saw 9 of its levels.

You collected 387 gold pieces.

Inventory:

Hand Weapons
 u - a +2 short sword of speed
 y - a +0 blowgun (weapon)
 D - a +0 dagger of venom
 L - the +9 war axe "Copp" {freeze, rElec Dex+2}
   (You found it on level 5 of the Dungeon)

   It has been specially enchanted to freeze those struck by it, causing extra
   injury to most foes and up to half again as much damage against particularly
   susceptible opponents.
   It can also slow down cold-blooded creatures.
   It affects your dexterity (+2).
   It insulates you from electricity.
 O - a +0 falchion of holy wrath
Missiles
 l - 44 bolts
 q - 12 poisoned needles (quivered)
 N - 2 throwing nets
Armour
 a - a +0 robe (worn)
 b - a +0 hat (worn)
 B - a +2 leather armour of magic resistance
 C - a +2 pair of gloves (worn)
Wands
 p - a wand of flame (14)
 v - a wand of clouds (4)
 H - a wand of polymorph (13)
Scrolls
 c - a scroll of random uselessness {unknown}
 e - 8 scrolls of teleportation
 i - 3 scrolls of remove curse
 m - 3 scrolls of fog
 o - a scroll of blinking {unknown}
 s - a scroll of enchant weapon {unknown}
 t - 5 scrolls of magic mapping
 w - 9 scrolls of identify
 x - a scroll of fear {unknown}
 E - a scroll of noise {unknown}
 M - a scroll of brand weapon {unknown}
Potions
 g - a potion of cancellation {unknown}
 h - a potion of might {unknown}
 j - 3 potions of lignification {unknown}
 k - a potion of berserk rage {unknown}
 r - 2 potions of heal wounds {unknown}
 z - 4 potions of mutation {unknown}
 A - a potion of agility {unknown}
 F - a potion of haste
Comestibles
 d - a ration
 n - a chunk of flesh


   Skills:
 - Level 2.4 Dodging
 - Level 2.4 Stealth
 - Level 10.0 Spellcasting
 * Level 10.0 Conjurations
 - Level 2.0 Summonings
 + Level 4.2 Translocations
 * Level 5.8 Fire Magic
 - Level 2.1 Air Magic
 + Level 4.9 Poison Magic


You had one spell level left.
You knew the following spells:

 Your Spells              Type           Power        Failure   Level  Hunger
a - Magic Dart            Conj           ####         1%          1    None
b - Blink                 Tloc           N/A          1%          2    None
c - Call Imp              Summ           ###.....     2%          2    None
d - Sandblast             Erth           ##....       4%          1    None
e - Conjure Flame         Conj/Fire      ######..     1%          3    None
f - Throw Flame           Conj/Fire      ######       1%          2    None
g - Fireball              Conj/Fire      ######....   4%          5    ####...
h - Mephitic Cloud        Conj/Pois/Air  #####...     1%          3    None
j - Slow                  Hex            ##......     6%          2    None
r - Sticky Flame          Conj/Fire      ######..     1%          4    None
t - Inner Flame           Hex/Fire       ####....     3%          3    None


Dungeon Overview and Level Annotations

Branches:
Dungeon (8/15)             Temple (1/1) D:6
   Lair: D:8-11

Altars:
Ashenzari
Cheibriados
Dithmenos
Elyvilon
Fedhas
Gozag
Hepliaklqana
Kikubaaqudgha
Makhleb
Nemelex Xobeh
Okawaru
Qazlal
Ru
Sif Muna
Trog
Uskayaw
Vehumet
Xom
Yredelemnul
Zin
The Shining One

Annotations:
D:8 ErikD's ghost, novice MiBe


Message History

The wolf barely misses you.
Casting: Blink
Confirm with . or Enter, or press ? or * to list all spells.
Okay, then.
The wolf barely misses you. The wolf barely misses you. The wolf bites you!
* * * LOW HITPOINT WARNING * * *
You feel better. The wolf misses you. The wolf closely misses you.
The jackal bites you.
* * * LOW HITPOINT WARNING * * *
The wolf bites you.
* * * LOW HITPOINT WARNING * * *
The wolf closely misses you. The wolf bites you.
* * * LOW HITPOINT WARNING * * *
You feel better. The wolf misses you. The wolf bites you.
* * * LOW HITPOINT WARNING * * *
The wolf bites you.
* * * LOW HITPOINT WARNING * * *
The wolf bites you.
You die...

#†.... #.........#
#.##..# #........# .
##.##...##........#
.P n♣
##..##....#........#
.. . P. #Z.##
#..........## .♣
..y♣. ###.##
#.#......### .
..Py..#...#
#........# h
#.....#######†....###
#
#...##..@hh......####
# #.##
####h..........# # #.
##.h...........# # #
#...)............ #
####................
#
#...................
#.#................#
.
....................#
..
#.#.##...............


You could see 2 wolves and 2 jackals.

Vanquished Creatures
  A manticore (D:7)
  A hungry ghost (D:7)
  A water moccasin (D:7)
  4 sky beasts
  4 orc warriors
  An ogre (D:5)
  A wolf (D:8)
  A centaur (D:7)
  2 necrophages
  4 phantoms
  2 crocodiles (D:8)
  3 bullfrogs
  3 scorpions
  2 killer bees (D:7)
  2 howler monkeys (D:6)
  2 crimson imps (D:6)
  A quasit (D:7)
  3 orc priests
  2 hounds (D:5)
  3 iguanas
  Jessica (D:3)
  A bullfrog skeleton (D:7)
  A gnoll shaman (D:6)
  Ijyb (D:4)
  Terence (D:3)
  Natasha (thrice) (D:3)
  12 orc wizards
  4 worker ants
  A hound zombie (D:7)
  A hound skeleton (D:6)
  3 gnolls (D:6)
  10 adders
  A shadow imp (D:6)
  An ooze (D:5)
  3 adder skeletons
  4 dart slugs
  6 leopard geckos
  26 orcs
  7 giant cockroaches
  11 goblins
  7 hobgoblins
  A jackal (D:8)
  2 quokkas
  A ball python (D:2)
  8 bats
  12 frilled lizards
  A giant cockroach zombie (D:3)
  A jackal zombie (D:5)
  6 kobolds
  A quokka skeleton (D:4)
  12 rats
193 creatures vanquished.

Notes
Turn   | Place    | Note
-------+----------+-------------------------------------------
     0 | D:1      | Rasser the Deep Elf Wizard began the quest for the Orb.
     0 | D:1      | Reached XP level 1. HP: 10/10 MP: 7/7
   159 | D:1      | Reached XP level 2. HP: 14/15 MP: 1/9
  1064 | D:2      | Found a faded altar of an unknown god.
  1073 | D:2      | Reached XP level 3. HP: 18/19 MP: 1/11
  1083 | D:2      | Learned a level 2 spell: Blink
  1086 | D:2      | Learned a level 2 spell: Call Imp
  1097 | D:2      | Learned a level 3 spell: Conjure Flame
  1101 | D:2      | Learned a level 3 spell: Mephitic Cloud
  1106 | D:2      | Reached skill level 5 in Spellcasting
  1410 | D:2      | Found a deep blue altar of Sif Muna.
  1481 | D:2      | Found a glowing silver altar of Zin.
  1558 | D:2      | Reached XP level 4. HP: 24/24 MP: 9/13
  1619 | D:2      | Found a blossoming altar of Fedhas.
  1899 | D:3      | Noticed Natasha
  1906 | D:3      | Noticed Jessica
  2125 | D:4      | Found an iron altar of Okawaru.
  2196 | D:4      | Reached skill level 1 in Fire Magic
  2326 | D:4      | Reached skill level 1 in Poison Magic
  2362 | D:4      | Reached skill level 1 in Air Magic
  2362 | D:4      | Reached XP level 5. HP: 28/28 MP: 4/14
  2965 | D:3      | Noticed Terence
  2978 | D:3      | Killed Terence
  3106 | D:3      | Killed Jessica
  3187 | D:3      | Killed Natasha
  3443 | D:4      | Noticed Ijyb
  3453 | D:4      | Killed Ijyb
  3453 | D:4      | Reached XP level 6. HP: 32/32 MP: 3/16
  3923 | D:4      | Reached XP level 7. HP: 36/36 MP: 1/18
  4274 | D:3      | Noticed Natasha
  4287 | D:3      | Killed Natasha
  4287 | D:3      | Reached skill level 5 in Conjurations
  4368 | D:3      | Noticed Natasha
  4377 | D:3      | Killed Natasha
  4445 | D:5      | Entered Level 5 of the Dungeon
  4948 | D:5      | Got a bloodstained war axe
  4953 | D:5      | Identified the +9 war axe "Copp" {freeze, rElec Dex+2} (You found it on level 5 of the Dungeon)
  5123 | D:5      | Reached XP level 8. HP: 29/41 MP: 8/21
  5431 | D:6      | Found a shadowy altar of Dithmenos.
  6478 | D:6      | Reached skill level 10 in Spellcasting
  6598 | D:6      | Found a staircase to the Ecumenical Temple.
  6751 | Temple   | Entered the Ecumenical Temple
  6847 | Temple   | Became a worshipper of Vehumet
  6994 | D:6      | Learned a level 2 spell: Throw Flame
  6998 | D:6      | Learned a level 3 spell: Inner Flame
  7004 | D:6      | Learned a level 5 spell: Fireball
  7011 | D:6      | Learned a level 4 spell: Sticky Flame
  7014 | D:6      | Learned a level 2 spell: Slow
  7300 | D:7      | Reached XP level 9. HP: 45/45 MP: 21/25
  7650 | D:7      | Noticed a manticore
  8776 | D:8      | Noticed ErikD's ghost (novice MiBe)
  9184 | D:8      | Reached skill level 5 in Fire Magic
  9396 | D:7      | Killed a manticore
  9508 | D:7      | Reached * piety under Vehumet
  9508 | D:7      | Offered knowledge of Sandblast by Vehumet.
  9508 | D:7      | Reached skill level 10 in Conjurations
  9511 | D:7      | Learned a level 1 spell: Sandblast
  9633 | D:8      | Reached XP level 10. HP: 30/49 MP: 13/26
  9659 | D:8      | HP: 2/50 [wolf (5)]
  9660 | D:8      | Slain by a wolf

Skill      XL: |  1  2  3  4  5  6  7  8  9 |
---------------+----------------------------+-----
Conjurations   | 2 3 4 6 8 10 | 10.0
Spellcasting   | 5 6 7 10 | 10.0
Fire Magic     | 1 2 5 |  5.8
Poison Magic   | 1 2 3 4 |  4.9
Air Magic      | 1 2 |  2.1
Summonings     | 2 |  2.0
Translocations | 2 4 |  4.2
Dodging        | |  2.4
Stealth        | |  2.4

Action                   |  1- 3 |  4- 6 |  7- 9 | 10-12 || total
-------------------------+-------+-------+-------+-------++-------
Melee: Dagger            |    21 |    11 |     6 |       ||    38
       War axe           |       |       |    28 |       ||    28
 Fire: Hunting sling     |       |     6 |     4 |       ||    10
       Blowgun           |       |    29 |    91 |       ||   120
Throw: Stone             |       |       |     4 |       ||     4
 Cast: Magic Dart        |    85 |   134 |   288 |       ||   507
       Mephitic Cloud    |       |    15 |    43 |       ||    58
       Conjure Flame     |       |     5 |    11 |       ||    16
       Blink             |       |     3 |    24 |     2 ||    29
       Throw Flame       |       |       |    47 |     6 ||    53
       Fireball          |       |       |     7 |       ||     7
       Sticky Flame      |       |       |     4 |       ||     4
Evoke: Wand              |       |     1 |       |       ||     1
  Use: Scroll            |       |       |     6 |     1 ||     7
       Potion            |       |       |       |     3 ||     3
 Stab: Confused          |       |       |     2 |       ||     2
  Eat: Chunk             |     2 |     7 |    16 |       ||    25
       Ration            |       |       |     1 |       ||     1
Armor: Robe              |     3 |     2 |    22 |     2 ||    29
       Leather armour    |       |     7 |     2 |       ||     9
Dodge: Dodged            |    18 |    19 |    72 |    14 ||   123
